EL
MIDLAND ROCKHOUNDS @ AKRON RUBBERDUCKS
08/19/2047
 
TOP OF THE 1ST
Midland RockHounds batting - Pitching for Akron RubberDucks : RHP Ryan Southerland
Pitching: RHP Ryan Southerland
Batting: LHB Tomas Segarra 0-0: Ball
1-0: Foul Ball, location: 2F
1-1: Foul Ball, location: 2F
1-2: Strikes out swinging
Batting: SHB Robert Santiago 0-0: Called Strike
0-1: Ball
1-1: Swinging Strike
1-2: SINGLE (Line Drive, 9LS, EV 108.1 MPH)
Batting: LHB Gregg Power 0-0: Called Strike
0-1: Grounds into double play, 4-6-3 (Groundball, 34, EV 101.2 MPH)
Top of the 1st over - 0 runs, 1 hit, 0 errors, 0 left on base; Midland 0 - Akron 0
BOTTOM OF THE 1ST
Akron RubberDucks batting - Pitching for Midland RockHounds : RHP Jeff Wemp
Pitching: RHP Jeff Wemp
Batting: RHB Danny Anderson 0-0: Ball
1-0: Ball
2-0: Ball
3-0: Base on Balls
Batting: RHB Danny Eberhart 0-0: Foul Ball, location: 2F
0-1: Called Strike
Danny Anderson steals 2nd base
0-2: Ball
1-2: Strikes out swinging
Batting: RHB Ian Sousa 0-0: Called Strike
0-1: Ball
1-1: Called Strike
1-2: Ball
2-2: Ground out U3 (Groundball, 34, EV 105.6 MPH)
Danny Anderson to third
Batting: RHB Rico Coss 0-0: Fly out, F8 (Flyball, 8LD, EV 85.0 MPH)
Bottom of the 1st over - 0 runs, 0 hits, 0 errors, 1 left on base; Midland 0 - Akron 0
TOP OF THE 2ND
Midland RockHounds batting - Pitching for Akron RubberDucks : RHP Ryan Southerland
Batting: LHB Chance Stever 0-0: Called Strike
0-1: DOUBLE (Line Drive, 7LM, EV 107.5 MPH)
Pinch Runner at 2nd Alan Bianchard:
Batting: RHB Jonathan Gallup 0-0: Ball
1-0: Swinging Strike
1-1: Ball
2-1: Ball
3-1: Foul Ball, location: 2F
3-2: SINGLE (Groundball, 4MD, EV 96.2 MPH)
Alan Bianchard to third
Runner from 3rd tries for Home, SAFE, throw by CF to home
Batting: SHB Ryan Chicoine 0-0: Swinging Strike
0-1: Called Strike
0-2: Ball
1-2: Strikes out swinging
Batting: RHB Scott Wiggs 0-0: DOUBLE (Line Drive, 78D, EV 99.4 MPH)
Jonathan Gallup to third
Runner from 3rd tries for Home, SAFE, throw by LF to trailing runner, OUT at third! 7-3-5
Batting: RHB Matt Sherard 0-0: Ball
1-0: Called Strike
1-1: Hit by Pitch
Batting: RHB Travis Robinson 0-0: Called Strike
Matt Sherard is caught stealing 2nd base 2-4
Top of the 2nd over - 2 runs, 3 hits, 0 errors, 0 left on base; Midland 2 - Akron 0
BOTTOM OF THE 2ND
Akron RubberDucks batting - Pitching for Midland RockHounds : RHP Jeff Wemp
Now in LF: Alan Bianchard
Batting: RHB Justin Lauderdale 0-0: Called Strike
0-1: Foul Ball, location: 2F
0-2: Ball
1-2: Ball
2-2: Foul Ball, location: 2F
2-2: Ball
3-2: Strikes out swinging
Batting: RHB Luis Restrepo 0-0: Swinging Strike
0-1: Called Strike
0-2: Strikes out swinging
Batting: RHB Josh Sinden 0-0: Ball
1-0: Called Strike
1-1: Hit by Pitch
Batting: LHB Aaron Caron 0-0: Ball
1-0: Ball
2-0: Ball
3-0: Base on Balls
Josh Sinden to second
Batting: SHB Marvin Garcia 0-0: 3-RUN HOME RUN (Flyball, 9LD, EV 96.9 MPH), Distance : 356 ft
Batting: RHB Danny Anderson 0-0: Ball
1-0: Foul Ball, location: 2F
1-1: Ball
2-1: Called Strike
2-2: Ball
3-2: Fly out, F6 (Popup, 6MS, EV 68.8 MPH)
Bottom of the 2nd over - 3 runs, 1 hit, 0 errors, 0 left on base; Midland 2 - Akron 3
TOP OF THE 3RD
Midland RockHounds batting - Pitching for Akron RubberDucks : RHP Ryan Southerland
Batting: RHB Travis Robinson 0-0: Called Strike
0-1: Foul Ball, location: 2F
0-2: Hit by Pitch
Batting: LHB Tomas Segarra 0-0: Foul Ball, location: 2F
0-1: Ball
1-1: Foul Ball, location: 2F
1-2: Strikes out swinging
Batting: SHB Robert Santiago 0-0: Ball
1-0: Foul Ball, location: 2F
1-1: Foul Ball, location: 2F
1-2: Foul Ball, location: 2F
1-2: Foul Ball, location: 2F
1-2: Foul Ball, location: 2F
1-2: DOUBLE (Line Drive, 7LM, EV 111.9 MPH)
Travis Robinson to third
Batting: LHB Gregg Power 0-0: Ball
1-0: Ball
2-0: Ball
3-0: Called Strike
3-1: Ground out 4-3 (Groundball, 4, EV 92.5 MPH)
Travis Robinson scores
Robert Santiago to third
Batting: LHB Alan Bianchard 0-0: Called Strike
0-1: Ball
1-1: Ball
2-1: Ball
3-1: DOUBLE (Line Drive, 78D, EV 108.1 MPH)
Robert Santiago scores
Batting: RHB Jonathan Gallup 0-0: Called Strike
0-1: Called Strike
0-2: Fly out, F7 (Flyball, 7S, EV 80.0 MPH)
Top of the 3rd over - 2 runs, 2 hits, 0 errors, 1 left on base; Midland 4 - Akron 3
BOTTOM OF THE 3RD
Akron RubberDucks batting - Pitching for Midland RockHounds : RHP Jeff Wemp
Batting: RHB Danny Eberhart 0-0: Called Strike
0-1: Foul Ball, location: 2F
0-2: Strikes out swinging
Batting: RHB Ian Sousa 0-0: Ball
1-0: Ball
2-0: Ball
3-0: Base on Balls
Batting: RHB Rico Coss 0-0: Called Strike
0-1: Fielders Choice at 2nd, 6-4 (Groundball, 56, EV 108.8 MPH)
Batting: RHB Justin Lauderdale 0-0: Called Strike
0-1: Ball
1-1: Ball
2-1: Ball
3-1: Base on Balls
Rico Coss to second
Batting: RHB Luis Restrepo 0-0: Called Strike
0-1: Ball
1-1: Called Strike
1-2: Strikes out looking
Bottom of the 3rd over - 0 runs, 0 hits, 0 errors, 2 left on base; Midland 4 - Akron 3
TOP OF THE 4TH
Midland RockHounds batting - Pitching for Akron RubberDucks : RHP Ryan Southerland
Batting: SHB Ryan Chicoine 0-0: Ball
1-0: Swinging Strike
1-1: Ball
2-1: Swinging Strike
2-2: Ball
3-2: Base on Balls
Batting: RHB Scott Wiggs 0-0: Ball
1-0: Ball
2-0: Swinging Strike
2-1: Foul Ball, location: 2F
2-2: Ball
3-2: Strikes out swinging
Ryan Chicoine steals 2nd base (no throw)
Batter strikes out.
Batting: RHB Matt Sherard 0-0: Ball
1-0: Ball
2-0: Ball
3-0: Called Strike
3-1: Base on Balls
Batting: RHB Travis Robinson 0-0: Ball
Ryan Chicoine steals 3rd base
Matt Sherard to second
1-0: Called Strike
1-1: Ball
2-1: Fly out, F8 (Flyball, 8LXD, EV 86.2 MPH)
Runner from 3rd tags up, SCORES, no throw by CF
Batting: LHB Tomas Segarra 0-0: Ball
1-0: Ball
2-0: Ball
3-0: Base on Balls
Pitching: RHP Jared Van Heel
Batting: SHB Robert Santiago 0-0: Ball
1-0: Swinging Strike
1-1: Foul Ball, location: 2F
1-2: Foul Ball, location: 2F
1-2: Strikes out swinging
Top of the 4th over - 1 run, 0 hits, 0 errors, 2 left on base; Midland 5 - Akron 3
BOTTOM OF THE 4TH
Akron RubberDucks batting - Pitching for Midland RockHounds : RHP Jeff Wemp
Batting: RHB Josh Sinden 0-0: Called Strike
0-1: Ball
1-1: Ball
2-1: Foul Ball, location: 2F
2-2: Ball
3-2: Ground out 5-3 (Groundball, 56D, EV 88.1 MPH)
Batting: LHB Aaron Caron 0-0: Ball
1-0: Ball
2-0: Called Strike
2-1: Fly out, F8 (Flyball, 8RS, EV 93.8 MPH)
Batting: SHB Marvin Garcia 0-0: Ball
1-0: Ball
2-0: Called Strike
2-1: Foul Ball, location: 2F
2-2: Ball
3-2: Fly out, F8 (Flyball, 8LS, EV 79.4 MPH)
Bottom of the 4th over - 0 runs, 0 hits, 0 errors, 0 left on base; Midland 5 - Akron 3
TOP OF THE 5TH
Midland RockHounds batting - Pitching for Akron RubberDucks : RHP Jared Van Heel
Batting: LHB Gregg Power 0-0: Called Strike
0-1: Called Strike
0-2: Ball
1-2: Foul Ball, location: 2F
1-2: Ball
2-2: Ball
3-2: Base on Balls
Batting: LHB Alan Bianchard 0-0: Swinging Strike
0-1: Fielders Choice at 2nd, 3-6 (Groundball, 3, EV 100.0 MPH)
Batting: RHB Jonathan Gallup 0-0: Ball
Passed Ball!
Alan Bianchard to second
1-0: TRIPLE (Line Drive, 9LD, EV 106.2 MPH)
Alan Bianchard scores
Batting: SHB Ryan Chicoine 0-0: Intentional Walk
Batting: RHB Scott Wiggs 0-0: Ball
1-0: Ball
Ryan Chicoine steals 2nd base (no throw)
2-0: DOUBLE (Line Drive, 89M, EV 106.9 MPH)
Jonathan Gallup scores
Ryan Chicoine scores
Batting: RHB Matt Sherard 0-0: Called Strike
0-1: Called Strike
0-2: Foul Ball, location: 2F
0-2: Strikes out swinging
Batting: RHB Travis Robinson 0-0: Foul Ball, location: 2F
0-1: Swinging Strike
0-2: Foul Ball, location: 2F
0-2: Ball
1-2: Ball
2-2: Strikes out swinging
Top of the 5th over - 3 runs, 2 hits, 0 errors, 1 left on base; Midland 8 - Akron 3
BOTTOM OF THE 5TH
Akron RubberDucks batting - Pitching for Midland RockHounds : RHP Jeff Wemp
Batting: RHB Danny Anderson 0-0: Ball
1-0: Called Strike
1-1: Called Strike
1-2: Ball
2-2: Foul Ball, location: 2F
2-2: Ball
3-2: Strikes out looking
Batting: RHB Danny Eberhart 0-0: Ball
1-0: Foul Ball, location: 2F
1-1: Foul Ball, location: 2F
1-2: Foul Ball, location: 2F
1-2: Foul Ball, location: 2F
1-2: Ball
2-2: Foul Ball, location: 2F
2-2: SINGLE (Flyball, 34D, EV 86.2 MPH)
Batting: RHB Ian Sousa 0-0: Ball
1-0: Grounds into double play, 5-4-3 (Groundball, 5L, EV 110.0 MPH)
Bottom of the 5th over - 0 runs, 1 hit, 0 errors, 0 left on base; Midland 8 - Akron 3
TOP OF THE 6TH
Midland RockHounds batting - Pitching for Akron RubberDucks : RHP Jared Van Heel
Batting: LHB Tomas Segarra 0-0: Ball
1-0: Ground out 4-3 (Groundball, 34, EV 100.6 MPH)
Batting: SHB Robert Santiago 0-0: Called Strike
0-1: Ball
1-1: Swinging Strike
1-2: Foul Ball, location: 2F
1-2: Ball
2-2: Ball
3-2: Strikes out swinging
Batting: LHB Gregg Power 0-0: Swinging Strike
0-1: Ball
1-1: Ball
2-1: Swinging Strike
2-2: Ball
3-2: Foul Ball, location: 2F
3-2: Strikes out swinging
Top of the 6th over - 0 runs, 0 hits, 0 errors, 0 left on base; Midland 8 - Akron 3
BOTTOM OF THE 6TH
Akron RubberDucks batting - Pitching for Midland RockHounds : RHP Jeff Wemp
Batting: RHB Rico Coss 0-0: Ball
1-0: Ball
2-0: Ball
3-0: Base on Balls
Batting: RHB Justin Lauderdale 0-0: Called Strike
Rico Coss steals 2nd base
0-1: Foul Ball, location: 2F
0-2: SINGLE (Groundball, 6MD, EV 103.1 MPH)
Rico Coss to third
Pitching: LHP John Salzmann
Batting: RHB Luis Restrepo 0-0: Ball
1-0: Called Strike
1-1: Ball
2-1: Foul Ball, location: 2F
2-2: Strikes out looking
Batting: RHB Josh Sinden 0-0: Swinging Strike
0-1: Called Strike
0-2: Ball
1-2: Ball
2-2: Foul Ball, location: 2F
2-2: Ball
3-2: Strikes out looking
Justin Lauderdale is caught stealing 2nd base 2-4
Batter strikes out.
Bottom of the 6th over - 0 runs, 1 hit, 0 errors, 1 left on base; Midland 8 - Akron 3
TOP OF THE 7TH
Midland RockHounds batting - Pitching for Akron RubberDucks : RHP Jared Van Heel
Batting: LHB Alan Bianchard 0-0: Ball
1-0: Ball
2-0: Foul Ball, location: 2F
2-1: Ground out U3 (Groundball, 3, EV 101.9 MPH)
Batting: RHB Jonathan Gallup 0-0: Called Strike
0-1: Swinging Strike
0-2: Strikes out swinging
Batting: SHB Ryan Chicoine 0-0: Called Strike
0-1: Ground out 4-3 (Groundball, 4M, EV 103.1 MPH)
Top of the 7th over - 0 runs, 0 hits, 0 errors, 0 left on base; Midland 8 - Akron 3
BOTTOM OF THE 7TH
Akron RubberDucks batting - Pitching for Midland RockHounds : LHP John Salzmann
Batting: LHB Aaron Caron 0-0: Ball
1-0: Called Strike
1-1: Ground out 3-1 (Groundball, 34, EV 105.6 MPH)
Batting: SHB Marvin Garcia 0-0: Ball
1-0: Foul Ball, location: 2F
1-1: Ball
2-1: Foul Ball, location: 2F
2-2: Ball
3-2: Foul Ball, location: 2F
3-2: Foul Ball, location: 2F
3-2: Base on Balls
Batting: RHB Danny Anderson 0-0: Called Strike
0-1: Foul Ball, location: 2F
0-2: Strikes out swinging
Batting: RHB Danny Eberhart 0-0: Ball
Marvin Garcia steals 2nd base
1-0: Foul Ball, location: 2F
1-1: Foul Ball, location: 2F
1-2: Ball
2-2: Ball
3-2: Foul Ball, location: 2F
3-2: SINGLE (Line Drive, 56D, EV 98.1 MPH)
Marvin Garcia to third
Runner from 3rd tries for Home, SAFE, throw by LF to home
Batting: RHB Ian Sousa 0-0: Called Strike
0-1: Called Strike
Danny Eberhart steals 2nd base
0-2: Ball
1-2: Ground out 6-3 (Groundball, 6, EV 86.9 MPH)
Bottom of the 7th over - 1 run, 1 hit, 0 errors, 1 left on base; Midland 8 - Akron 4
TOP OF THE 8TH
Midland RockHounds batting - Pitching for Akron RubberDucks : RHP Jared Van Heel
Pitching: RHP Corey Larimer
Batting: RHB Scott Wiggs 0-0: Called Strike
0-1: Ground out 4-3 (Groundball, 4, EV 88.1 MPH)
Batting: RHB Matt Sherard 0-0: Ball
1-0: Foul Ball, location: 2F
1-1: Foul Ball, location: 2F
1-2: Ball
2-2: Ball
3-2: Foul Ball, location: 2F
3-2: Fly out, F9 (Flyball, 9D, EV 105.6 MPH)
Batting: RHB Travis Robinson 0-0: Foul Ball, location: 2F
0-1: Foul Ball, location: 2F
0-2: Ball
1-2: Foul Ball, location: 2F
1-2: Ball
2-2: Strikes out looking
Top of the 8th over - 0 runs, 0 hits, 0 errors, 0 left on base; Midland 8 - Akron 4
BOTTOM OF THE 8TH
Akron RubberDucks batting - Pitching for Midland RockHounds : LHP John Salzmann
Batting: RHB Rico Coss 0-0: Ball
1-0: Swinging Strike
1-1: Ball
2-1: SINGLE (Groundball, 6D, EV 97.5 MPH)
Batting: RHB Justin Lauderdale 0-0: Ball
1-0: Foul Ball, location: 2F
1-1: Foul Ball, location: 2F
1-2: Ball
2-2: Ball
3-2: Fielders Choice at 2nd, 1-6 (Groundball, 13, EV 67.5 MPH)
Batting: RHB Luis Restrepo 0-0: Called Strike
0-1: Ball
1-1: Foul Ball, location: 2F
1-2: Strikes out looking
Batting: RHB Josh Sinden 0-0: Foul Ball, location: 2F
0-1: Ball
1-1: SINGLE (Groundball, 4MD, EV 108.8 MPH)
Justin Lauderdale to second
Runner from 2nd tries for 3rd, SAFE, throw by CF made to third
Pitching: LHP Daniel Aguayo
Pinch Hitting: RHB Kaoru Toda 0-0: Ball
1-0: Ball
2-0: Called Strike
2-1: Foul Ball, location: 2F
2-2: Ball
3-2: SINGLE (Line Drive, 7LS, EV 107.5 MPH)
Justin Lauderdale scores
Josh Sinden to second
Josh Sinden to third
Batting: SHB Marvin Garcia 0-0: Called Strike
0-1: Ball
1-1: Foul Ball, location: 2F
1-2: Foul Ball, location: 2F
1-2: Ball
2-2: Ball
3-2: Ground out 6-3 (Groundball, 6, EV 79.4 MPH)
Bottom of the 8th over - 1 run, 3 hits, 0 errors, 2 left on base; Midland 8 - Akron 5
TOP OF THE 9TH
Midland RockHounds batting - Pitching for Akron RubberDucks : RHP Corey Larimer
Now in RF: Tony Ponce
Batting: LHB Tomas Segarra 0-0: Foul Ball, location: 2F
0-1: Ball
1-1: SINGLE (Groundball, 6MD, EV 103.8 MPH)
Batting: SHB Robert Santiago 0-0: Ball
1-0: Swinging Strike
1-1: Ball
2-1: Ball
3-1: Base on Balls
Tomas Segarra to second
Batting: LHB Gregg Power 0-0: Fly out, F7 (Flyball, 78S, EV 73.8 MPH)
Batting: LHB Alan Bianchard 0-0: Called Strike
0-1: DOUBLE (Flyball, 89D, EV 110.6 MPH)
Tomas Segarra scores
Robert Santiago to third
Batting: RHB Jonathan Gallup 0-0: Ball
1-0: Swinging Strike
1-1: Ground out 5-3 (Groundball, 25, EV 90.6 MPH)
Batting: SHB Ryan Chicoine 0-0: Intentional Walk
Batting: RHB Scott Wiggs 0-0: Ball
1-0: Ball
2-0: Ball
3-0: Called Strike
3-1: TRIPLE (Groundball, 3L, EV 105.0 MPH)
Robert Santiago scores
Alan Bianchard scores
Ryan Chicoine scores
Batting: RHB Matt Sherard 0-0: Ball
1-0: Ball
2-0: Ground out 4-3 (Groundball, 13, EV 82.5 MPH)
Top of the 9th over - 4 runs, 3 hits, 0 errors, 1 left on base; Midland 12 - Akron 5
BOTTOM OF THE 9TH
Akron RubberDucks batting - Pitching for Midland RockHounds : LHP Daniel Aguayo
Batting: RHB Danny Anderson 0-0: Called Strike
0-1: Ball
1-1: Ball
2-1: Ball
3-1: Called Strike
3-2: Strikes out looking
Batting: RHB Danny Eberhart 0-0: Called Strike
0-1: Foul Ball, location: 2F
0-2: Fly out, F7 (Line Drive, 78M, EV 96.9 MPH)
Batting: RHB Ian Sousa 0-0: Called Strike
0-1: Ball
1-1: Ball
2-1: Foul Ball, location: 2F
2-2: Ball
3-2: Fly out, F8 (Flyball, 8LS, EV 92.5 MPH)
Bottom of the 9th over - 0 runs, 0 hits, 0 errors, 0 left on base; Midland 12 - Akron 5
Thursday, December 15th , 2022 - OOTP Baseball 23.9 Build 102